Rangers vs Hurricanes

Created - Sunday, March 22, 2015 at 00:03

Goals
1 2 3 T
Rangers 1 0 0 1
Hurricanes 0 3 1 4
Shots
1 2 3 T
Rangers 19 9 11 39
Hurricanes 5 19 8 32

1st period

1. Rangers , Kevin Shattenkirk 23 (Daniel Sedin, Jeff Skinner) at 19:39

Penalties :
Kevin Bieksa (NYR) for Roughing (Double Minor) at 3:05

2nd period

2. Hurricanes , Jiri Hudler 35 (Radim Vrbata, Francois Beauchemin) at 4:39
3. Hurricanes , Mike Fisher 19 (Jiri Hudler, Radim Vrbata) at 9:10 (PP)
4. Hurricanes , Marty Havlat 14 (Marian Gaborik, Adam Henrique) at 19:00 (PP)

Penalties :
Kevin Bieksa (NYR) for Holding Stick (Minor) at 4:56, Philip Larsen (NYR) for Tripping (Minor) at 8:37, Brendan Smith (Car) for Holding (Minor) at 10:31, Francois Beauchemin (Car) for Roughing (Minor) at 15:17, Tanner Glass (NYR) for Hooking (Minor) at 18:12

3rd period

5. Hurricanes , Radim Vrbata 35 (Mike Fisher) at 8:17

Penalties :
Adam Henrique (Car) for Interference (Minor) at 0:15, Thomas Hickey (Car) for Hooking (Minor) at 16:21, Nathan Gerbe (NYR) for High sticking (Minor) at 16:26

Goalie Stats

Jaroslav Halak (NYR), 28 saves from 32 shots - (0.875), L, 22-22-3, 60:00 minutes
Martin Jones (Car), 38 saves from 39 shots - (0.974), W, 4-10-0, 60:00 minutes

Players Stats for Rangers

Player Name              G  A  P  +/- PIM S  H  SB GA TA FO     MP     PP MP  PK MP  
------------------------------------------------------------------------------------
Daniel Sedin             0  1  1   1  0   7  0  0  2  0  0/1    20:14   2:54   2:17 
Jamie McBain             0  0  0  -1  0   4  0  1  0  0  0/0    21:00   3:22   3:07 
Jay McClement            0  0  0  -2  0   3  3  0  0  1  7/12   16:37   3:08   0:00 
Jay Rosehill             0  0  0   0  0   0  0  0  0  0  0/0     0:00   0:00   0:00 
Jeff Halpern             0  0  0  -2  0   3  0  0  0  0  0/0    13:15   0:00   0:00 
Jeff Skinner             0  1  1   1  0   1  1  0  5  0  5/11   19:50   2:54   1:53 
Justin Falk              0  0  0   0  0   1  0  2  0  0  0/0    16:35   0:00   3:10 
Kevin Bieksa             0  0  0   0  6   2  1  2  0  1  0/0    22:59   2:40   1:07 
Kevin Shattenkirk        1  0  1   0  0   4  0  0  1  1  0/0    26:25   2:40   4:25 
Kyle Brodziak            0  0  0   0  0   1  0  0  1  0  4/10    8:11   0:28   0:00 
Kyle Palmieri            0  0  0   0  0   1  1  0  2  0  0/0     7:16   0:00   0:00 
Logan Couture            0  0  0   0  0   2  0  0  4  0  8/8    11:39   0:00   0:00 
Nathan Gerbe             0  0  0   0  2   1  2  0  1  0  3/4    18:51   3:07   5:07 
Nikita Nikitin           0  0  0  -1  0   3  2  0  0  0  0/0    20:52   3:22   2:59 
Philip Larsen            0  0  0   0  2   0  0  1  1  2  0/0    12:42   0:00   0:00 
Tanner Glass             0  0  0  -2  2   2  1  1  0  2  0/0    13:08   0:00   0:48 
Todd Bertuzzi            0  0  0   1  0   2  2  0  1  0  0/0    16:43   2:54   0:00 
Zach Parise              0  0  0   0  0   2  1  0  5  0  2/9    24:19   2:40   4:43 

Players Stats for Hurricanes

Player Name              G  A  P  +/- PIM S  H  SB GA TA FO     MP     PP MP  PK MP  
------------------------------------------------------------------------------------
Aaron Ness               0  0  0   1  0   1  1  0  0  1  0/0    17:20   0:00   3:20 
Adam Henrique            0  1  1   0  2   0  2  0  0  0  5/10   15:58   3:11   0:00 
Brendan Smith            0  0  0  -1  2   0  2  1  0  0  0/0    19:42   3:32   0:00 
Brian Flynn              0  0  0   0  0   0  0  0  0  2  4/12   16:07   0:00   2:55 
Fedor Tyutin             0  0  0  -1  0   2  2  1  0  2  0/0    22:38   3:37   1:49 
Francois Beauchemin      0  1  1   1  2   1  2  2  0  3  0/0    22:01   3:52   0:58 
Jiri Hudler              1  1  2   2  0   4  0  0  0  0  2/4    16:58   4:13   0:00 
Marian Gaborik           0  1  1  -1  0   5  0  1  6  0  1/4    20:04   3:11   0:00 
Marty Havlat             1  0  1   0  0   1  1  0  0  0  0/0    12:36   3:06   0:00 
Mason Raymond            0  0  0   0  0   3  0  1  1  1  0/0    16:07   0:00   2:55 
Mike Fisher              1  1  2   2  0   4  0  1  5  0  5/11   17:54   4:13   0:00 
Radim Vrbata             1  2  3   2  0   4  1  0  2  1  0/0    17:54   4:13   0:00 
Ray Whitney              0  0  0   0  0   3  0  0  0  0  0/0    12:42   0:00   0:00 
Robyn Regehr             0  0  0   1  0   0  2  1  0  2  0/0    17:20   0:00   3:20 
Stephen Gionta           0  0  0  -1  0   0  0  1  0  1  9/13   12:22   0:00   3:07 
Thomas Hickey            0  0  0   1  2   3  2  1  1  0  0/0    21:55   3:52   2:37 
Triston Grant            0  0  0   0  0   0  0  0  0  0  0/0     0:00   0:00   0:00 
Viktor Stalberg          0  0  0  -1  0   1  3  0  0  0  0/1    12:22   0:00   3:07 

3 Stars

1 - Radim Vrbata (Car)
2 - Martin Jones (Car)
3 - Mike Fisher (Car)

Power Play

Rangers - 0 on 4 Attempt(s) - 0.00%
Hurricanes - 2 on 7 Attempt(s) - 28.57%

Penalty Kill

Rangers - 5 on 7 Attempt(s) - 71.43% - Score 0 goal in Penalty Kill
Hurricanes - 4 on 4 Attempt(s) - 100.00% - Score 0 goal in Penalty Kill

Team Stat

Rangers - Hits : 14 - Faceoff Wins : 29 - Blocked Shots : 7 - Penalty Minutes : 12
Hurricanes - Hits : 18 - Faceoff Wins : 26 - Blocked Shots : 10 - Penalty Minutes : 8

Official

Referees : Unknown
Linesman : Unknown

Game Notes

19:16 of 3rd period - Penalty Shot by Justin Falk for Rangers - Shot Misses the Net

Finance

Level 1 -- Attendance: 6000 (100.00%) -- Ticket Income $510,000
Level 2 -- Attendance: 4812 (96.24%) -- Ticket Income $230,976
Level 3 -- Attendance: 1888 (94.40%) -- Ticket Income $52,864
Level 4 -- Attendance: 4000 (100.00%) -- Ticket Income $52,000
Luxury Box -- Attendance: 982 (98.20%) -- Ticket Income $176,760
Game was played at the RBC Arena'
Total Attendance: 17682 (98.23%)
Total Ticket Income: $1,022,600
Other Income: $501,074
Total Income: $1,523,674

Rangers

5 vs 5 Forward 
   Center                   Left Wing                Right Wing               Time % Phy DF OF 
 1 Logan Couture            Zach Parise              Nathan Gerbe             35     1   2  2  
 2 Jeff Skinner             Daniel Sedin             Todd Bertuzzi            30     1   2  2  
 3 Jay McClement            Tanner Glass             Jeff Halpern             22     1   2  2  
 4 Kyle Brodziak            Kyle Palmieri            Zach Parise              13     1   2  2  

5 vs 5 Defense 
   Defense                  Defense                                           Time % Phy DF OF 
 1 Kevin Bieksa             Kevin Shattenkirk                                 35     1   2  2  
 2 Jamie McBain             Nikita Nikitin                                    30     1   2  2  
 3 Philip Larsen            Justin Falk                                       22     1   2  2  
 4 Kevin Bieksa             Kevin Shattenkirk                                 13     1   2  2  

PowerPlay Forward 
   Center                   Left Wing                Right Wing               Time % Phy DF OF 
 1 Jay McClement            Zach Parise              Nathan Gerbe             60     1   2  2  
 2 Jeff Skinner             Daniel Sedin             Todd Bertuzzi            40     1   2  2  

PowerPlay Defense
   Defense                  Defense                                           Time % Phy DF OF 
 1 Kevin Bieksa             Kevin Shattenkirk                                 60     1   2  2  
 2 Jamie McBain             Nikita Nikitin                                    40     1   2  2  

Penalty Kill 4 Players Forward 
   Center                   Wing                     Time % Phy DF OF 
 1 Zach Parise              Nathan Gerbe             60     1   2  2  
 2 Daniel Sedin             Jeff Skinner             40     1   2  2  

Penalty Kill 4 Players Defense
   Defense                  Defense                  Time % Phy DF OF 
 1 Kevin Bieksa             Kevin Shattenkirk        60     1   2  2  
 2 Jamie McBain             Nikita Nikitin           40     1   2  2  

Penalty Kill - 3 Players Forward 
   Forward                                           Time % Phy DF OF 
 1 Zach Parise                                       60     1   2  2  
 2 Daniel Sedin                                      40     1   2  2  

Penalty Kill - 3 Players Defense
   Defense                  Defense                  Time % Phy DF OF 
 1 Kevin Bieksa             Kevin Shattenkirk        60     1   2  2  
 2 Jamie McBain             Nikita Nikitin           40     1   2  2  

4 vs 4 Forward 
   Center                   Wing                     Time % Phy DF OF 
 1 Zach Parise              Logan Couture            60     1   2  2  
 2 Daniel Sedin             Jeff Skinner             40     1   2  2  

4 vs 4 Defense
   Defense                  Defense                  Time % Phy DF OF 
 1 Kevin Bieksa             Kevin Shattenkirk        60     1   2  2  
 2 Jamie McBain             Nikita Nikitin           40     1   2  2  

Last Minutes Offensive
   Center                   Left Wing                Right Wing               Defense                  Defense                  
   Logan Couture            Zach Parise              Nathan Gerbe             Kevin Bieksa             Kevin Shattenkirk        

Last Minutes Defensive
   Center                   Left Wing                Right Wing               Defense                  Defense                  
   Logan Couture            Zach Parise              Nathan Gerbe             Kevin Bieksa             Kevin Shattenkirk        

Goaltenders
Starting : Jaroslav Halak           
Backup : Tom McCollum             

Extra Forwards
Normal : Jay McClement, Kyle Brodziak, Tanner Glass - PP : Jay McClement, Kyle Brodziak - PK : Tanner Glass
Extra Defensemen
Normal : Philip Larsen, Justin Falk, Jamie McBain - PP : Philip Larsen - PK : Justin Falk, Jamie McBain
Penalty Shots
Zach Parise, Nathan Gerbe, Daniel Sedin, Jeff Skinner, Jay McClement

Hurricanes

5 vs 5 Forward 
   Center                   Left Wing                Right Wing               Time % Phy DF OF 
 1 Mike Fisher              Jiri Hudler              Radim Vrbata             28     0   2  3  
 2 Adam Henrique            Marty Havlat             Marian Gaborik           27     0   2  3  
 3 Brian Flynn              Mason Raymond            Ray Whitney              25     0   2  3  
 4 Stephen Gionta           Viktor Stalberg          Marian Gaborik           20     0   2  3  

5 vs 5 Defense 
   Defense                  Defense                                           Time % Phy DF OF 
 1 Francois Beauchemin      Thomas Hickey                                     35     0   2  3  
 2 Fedor Tyutin             Brendan Smith                                     35     0   2  3  
 3 Robyn Regehr             Aaron Ness                                        30     1   2  2  
 4 Francois Beauchemin      Thomas Hickey                                     0      0   2  3  

PowerPlay Forward 
   Center                   Left Wing                Right Wing               Time % Phy DF OF 
 1 Mike Fisher              Jiri Hudler              Radim Vrbata             50     0   1  4  
 2 Adam Henrique            Marty Havlat             Marian Gaborik           50     0   1  4  

PowerPlay Defense
   Defense                  Defense                                           Time % Phy DF OF 
 1 Francois Beauchemin      Thomas Hickey                                     50     0   1  4  
 2 Fedor Tyutin             Brendan Smith                                     50     0   1  4  

Penalty Kill 4 Players Forward 
   Center                   Wing                     Time % Phy DF OF 
 1 Stephen Gionta           Viktor Stalberg          50     0   4  1  
 2 Brian Flynn              Mason Raymond            50     0   4  1  

Penalty Kill 4 Players Defense
   Defense                  Defense                  Time % Phy DF OF 
 1 Robyn Regehr             Aaron Ness               50     1   4  0  
 2 Francois Beauchemin      Thomas Hickey            50     1   4  0  

Penalty Kill - 3 Players Forward 
   Forward                                           Time % Phy DF OF 
 1 Stephen Gionta                                    50     0   5  0  
 2 Brian Flynn                                       50     0   5  0  

Penalty Kill - 3 Players Defense
   Defense                  Defense                  Time % Phy DF OF 
 1 Robyn Regehr             Aaron Ness               50     1   4  0  
 2 Francois Beauchemin      Thomas Hickey            50     1   4  0  

4 vs 4 Forward 
   Center                   Wing                     Time % Phy DF OF 
 1 Mike Fisher              Radim Vrbata             50     0   2  3  
 2 Adam Henrique            Marian Gaborik           50     0   2  3  

4 vs 4 Defense
   Defense                  Defense                  Time % Phy DF OF 
 1 Francois Beauchemin      Thomas Hickey            50     0   2  3  
 2 Fedor Tyutin             Brendan Smith            50     0   2  3  

Last Minutes Offensive
   Center                   Left Wing                Right Wing               Defense                  Defense                  
   Mike Fisher              Adam Henrique            Radim Vrbata             Francois Beauchemin      Fedor Tyutin             

Last Minutes Defensive
   Center                   Left Wing                Right Wing               Defense                  Defense                  
   Stephen Gionta           Adam Henrique            Brian Flynn              Fedor Tyutin             Francois Beauchemin      

Goaltenders
Starting : Martin Jones             
Backup : Brian Elliott            

Extra Forwards
Normal : Adam Henrique, Radim Vrbata, Marian Gaborik - PP : Marian Gaborik, Radim Vrbata - PK : Stephen Gionta
Extra Defensemen
Normal : Francois Beauchemin, Fedor Tyutin, Thomas Hickey - PP : Francois Beauchemin - PK : Francois Beauchemin, Fedor Tyutin
Penalty Shots
Radim Vrbata, Marian Gaborik, Jiri Hudler, Ray Whitney, Marty Havlat

% Time on Ice - Rangers

Lines # - Real PCT - Wanted PCT - Time Play
Normal Forward
1 - 23% - 35% - 10:05
2 - 34% - 30% - 14:58
3 - 28% - 22% - 12:21
4 - 16% - 13% - 7:16
Normal Defense
1 - 33% - 35% - 14:44
2 - 32% - 30% - 14:26
3 - 28% - 22% - 12:43
4 - 6% - 13% - 2:47
PP Forward
1 - 52% - 60% - 3:08
2 - 48% - 40% - 2:54
PP Defense
1 - 44% - 60% - 2:40
2 - 56% - 40% - 3:22
PK Forward
1 - 75% - 60% - 5:31
2 - 25% - 40% - 1:53
PK Defense
1 - 60% - 60% - 4:25
2 - 40% - 40% - 2:59
PK3 Forward
1 - 0% - 60%
2 - 0% - 40%
PK3 Defense
1 - 0% - 60%
2 - 0% - 40%
44 Forward
1 - 96% - 60% - 1:49
2 - 4% - 40% - 0:05
44 Defense
1 - 96% - 60% - 1:49
2 - 4% - 40% - 0:05
Last Minute Offensive  - 0:00
Last Minute Defensive  - 0:00
Total
Forward - 60:00
Defense - 60:00

% Time on Ice - Hurricanes

Lines # - Real PCT - Wanted PCT - Time Play
Normal Forward
1 - 29% - 28% - 13:05
2 - 23% - 27% - 10:05
3 - 28% - 25% - 12:42
4 - 20% - 20% - 8:48
Normal Defense
1 - 36% - 35% - 16:18
2 - 35% - 35% - 15:48
3 - 28% - 30% - 12:34
4 - 0% - 0% - 0:00
PP Forward
1 - 57% - 50% - 4:13
2 - 43% - 50% - 3:11
PP Defense
1 - 52% - 50% - 3:52
2 - 48% - 50% - 3:32
PK Forward
1 - 52% - 50% - 3:07
2 - 48% - 50% - 2:55
PK Defense
1 - 55% - 50% - 3:20
2 - 45% - 50% - 2:42
PK3 Forward
1 - 0% - 50%
2 - 0% - 50%
PK3 Defense
1 - 0% - 50%
2 - 0% - 50%
44 Forward
1 - 55% - 50% - 1:03
2 - 45% - 50% - 0:51
44 Defense
1 - 80% - 50% - 1:31
2 - 20% - 50% - 0:23
Last Minute Offensive  - 0:00
Last Minute Defensive  - 0:00
Total
Forward - 60:00
Defense - 60:00

Play by Play

1st period


0:01 of 1st period - Logan Couture wins face-off versus Mike Fisher in neutral zone.
0:12 of 1st period - Slapshot by Zach Parise.
0:12 of 1st period - Stopped by Martin Jones with a rebound.
0:14 of 1st period - Snap shot by Nathan Gerbe.
0:14 of 1st period - Shot Misses the Net.
0:16 of 1st period - Wrist shot by Kevin Bieksa.
0:16 of 1st period - Deflect By Logan Couture.
0:16 of 1st period - Stopped by Martin Jones without a rebound.
0:17 of 1st period - Logan Couture wins face-off versus Mike Fisher in Hurricanes zone.
0:36 of 1st period - Wrist shot by Logan Couture.
0:36 of 1st period - Shot Misses the Net.
0:38 of 1st period - Snap shot by Logan Couture.
0:38 of 1st period - Shot Blocked by Francois Beauchemin.
1:07 of 1st period - Slapshot by Daniel Sedin.
1:07 of 1st period - Stopped by Martin Jones with a rebound.
1:09 of 1st period - Snap shot by Nikita Nikitin.
1:09 of 1st period - Shot Blocked by Francois Beauchemin.
1:11 of 1st period - Slapshot by Jamie McBain.
1:11 of 1st period - Shot Misses the Net.
1:13 of 1st period - Slapshot by Jamie McBain.
1:13 of 1st period - Shot Hit the Post.
1:21 of 1st period - Wrist shot by Daniel Sedin.
1:21 of 1st period - Stopped by Martin Jones with a rebound.
1:23 of 1st period - Slapshot by Jamie McBain.
1:23 of 1st period - Stopped by Martin Jones with a rebound.
1:25 of 1st period - Snap shot by Daniel Sedin.
1:25 of 1st period - Stopped by Martin Jones with a rebound.
1:27 of 1st period - Slapshot by Jamie McBain.
1:27 of 1st period - Stopped by Martin Jones with a rebound.
1:29 of 1st period - Slapshot by Nikita Nikitin.
1:29 of 1st period - Deflect By Todd Bertuzzi.
1:29 of 1st period - Stopped by Martin Jones with a rebound.
1:54 of 1st period - Ray Whitney is hit by Tanner Glass and loses puck.
2:01 of 1st period - Wrist shot by Jay McClement.
2:01 of 1st period - Shot Misses the Net.
2:27 of 1st period - Wrist shot by Kyle Palmieri.
2:27 of 1st period - Stopped by Martin Jones with a rebound.
2:29 of 1st period - Wrist shot by Kyle Brodziak.
2:29 of 1st period - Stopped by Martin Jones without a rebound.
2:30 of 1st period - Stephen Gionta wins face-off versus Kyle Brodziak in Hurricanes zone.
3:05 of 1st period - Double Minor Penalty to Kevin Bieksa for Roughing.
3:06 of 1st period - Mike Fisher wins face-off versus Zach Parise in Rangers zone.
3:11 of 1st period - Wrist shot by Radim Vrbata.
3:11 of 1st period - Stopped by Jaroslav Halak without a rebound.
3:12 of 1st period - Jiri Hudler wins face-off versus Zach Parise in Rangers zone.
3:15 of 1st period - Snap shot by Jiri Hudler.
3:15 of 1st period - Shot Misses the Net.
4:04 of 1st period - Icing by Fedor Tyutin.
4:05 of 1st period - Adam Henrique wins face-off versus Zach Parise in Hurricanes zone.
4:25 of 1st period - Jamie McBain is hit by Brendan Smith and loses puck.
5:20 of 1st period - Jamie McBain is hit by Thomas Hickey and loses puck.
6:42 of 1st period - Wrist shot by Daniel Sedin.
6:42 of 1st period - Stopped by Martin Jones with a rebound.
7:05 of 1st period - Penalty to Kevin Bieksa is over, Kevin Bieksa is back on ice.
7:48 of 1st period - Robyn Regehr is hit by Todd Bertuzzi and loses puck.
8:22 of 1st period - Philip Larsen is hit by Aaron Ness.
8:36 of 1st period - Wrist shot by Ray Whitney.
8:36 of 1st period - Stopped by Jaroslav Halak with a rebound.
8:58 of 1st period - Jay McClement is hit by Viktor Stalberg and loses puck.
9:21 of 1st period - Mason Raymond is hit by Jeff Skinner.
9:25 of 1st period - Wrist shot by Jeff Skinner.
9:25 of 1st period - Shot Blocked by Mason Raymond.
9:49 of 1st period - Mike Fisher is hit by Nathan Gerbe and loses puck.
10:03 of 1st period - Icing by Fedor Tyutin.
10:04 of 1st period - Kyle Brodziak wins face-off versus Mike Fisher in Hurricanes zone.
10:11 of 1st period - Snap shot by Kyle Brodziak.
10:11 of 1st period - Shot Blocked by Mike Fisher.
10:13 of 1st period - Slapshot by Kyle Brodziak.
10:13 of 1st period - Shot Blocked by Marian Gaborik.
10:15 of 1st period - Wrist shot by Nikita Nikitin.
10:15 of 1st period - Deflect By Mike Fisher.
10:15 of 1st period - Stopped by Martin Jones with a rebound.
10:17 of 1st period - Snap shot by Jamie McBain.
10:17 of 1st period - Stopped by Martin Jones with a rebound.
10:19 of 1st period - Slapshot by Jamie McBain.
10:19 of 1st period - Shot Misses the Net.
10:21 of 1st period - Wrist shot by Kyle Brodziak.
10:21 of 1st period - Shot Blocked by Brendan Smith.
10:23 of 1st period - Backhand shot by Jamie McBain.
10:23 of 1st period - Stopped by Martin Jones without a rebound.
10:24 of 1st period - Logan Couture wins face-off versus Viktor Stalberg in Hurricanes zone.
10:31 of 1st period - Wrist shot by Logan Couture.
10:31 of 1st period - Deflect By Nathan Gerbe.
10:31 of 1st period - Stopped by Martin Jones with a rebound.
10:33 of 1st period - Snap shot by Logan Couture.
10:33 of 1st period - Stopped by Martin Jones without a rebound.
10:34 of 1st period - Nathan Gerbe wins face-off versus Stephen Gionta in Hurricanes zone.
11:01 of 1st period - Adam Henrique is hit by Kevin Bieksa and loses puck.
12:01 of 1st period - Francois Beauchemin is hit by Zach Parise and loses puck.
13:41 of 1st period - Wrist shot by Mason Raymond.
13:41 of 1st period - Stopped by Jaroslav Halak with a rebound.
13:43 of 1st period - Snap shot by Mason Raymond.
13:43 of 1st period - Shot Blocked by Justin Falk.
13:45 of 1st period - Slapshot by Fedor Tyutin.
13:45 of 1st period - Stopped by Jaroslav Halak without a rebound.
13:46 of 1st period - Brian Flynn wins face-off versus Jay McClement in Rangers zone.
13:47 of 1st period - Slapshot by Mason Raymond.
13:47 of 1st period - Shot Misses the Net.
13:57 of 1st period - Snap shot by Tanner Glass.
13:57 of 1st period - Stopped by Martin Jones with a rebound.
13:59 of 1st period - Snap shot by Jay McClement.
13:59 of 1st period - Shot Misses the Net.
14:01 of 1st period - Wrist shot by Jay McClement.
14:01 of 1st period - Shot Misses the Net.
14:21 of 1st period - Wrist shot by Kyle Palmieri.
14:21 of 1st period - Shot Misses the Net.
14:49 of 1st period - Kevin Bieksa is hit by Robyn Regehr and loses puck.
14:54 of 1st period - Wrist shot by Marian Gaborik.
14:54 of 1st period - Stopped by Jaroslav Halak without a rebound.
14:55 of 1st period - Jeff Skinner wins face-off versus Marian Gaborik in Rangers zone.
15:59 of 1st period - Thomas Hickey is hit by Jay McClement and loses puck.
16:38 of 1st period - Fedor Tyutin is hit by Kyle Palmieri and loses puck.
17:17 of 1st period - Jiri Hudler is hit by Nathan Gerbe and loses puck.
17:44 of 1st period - Icing by Adam Henrique.
17:45 of 1st period - Jay McClement wins face-off versus Adam Henrique in Hurricanes zone.
18:12 of 1st period - Snap shot by Todd Bertuzzi.
18:12 of 1st period - Stopped by Martin Jones with a rebound.
19:35 of 1st period - Snap shot by Jeff Skinner.
19:35 of 1st period - Shot Blocked by Stephen Gionta.
19:37 of 1st period - Snap shot by Daniel Sedin.
19:37 of 1st period - Shot Misses the Net.
19:39 of 1st period - Slapshot by Kevin Shattenkirk.
19:39 of 1st period - Deflect By Marian Gaborik.
19:39 of 1st period - Goal by Kevin Shattenkirk - Rangers : 1 - Hurricanes : 0.
19:40 of 1st period - Brian Flynn wins face-off versus Jeff Skinner in neutral zone.
Goals for this period are 1 for Rangers vs 0 for Hurricanes.
Shots for this period are 19 for Rangers vs 5 for Hurricanes.

2nd period


0:01 of 2nd period - Logan Couture wins face-off versus Adam Henrique in neutral zone.
0:20 of 2nd period - Wrist shot by Marian Gaborik.
0:20 of 2nd period - Deflect By Marty Havlat.
0:20 of 2nd period - Shot Misses the Net.
0:20 of 2nd period - Puck is out of play.
0:21 of 2nd period - Jiri Hudler wins face-off versus Jeff Skinner in Rangers zone.
0:48 of 2nd period - Snap shot by Mike Fisher.
0:48 of 2nd period - Shot Misses the Net.
0:50 of 2nd period - Slapshot by Francois Beauchemin.
0:50 of 2nd period - Shot Misses the Net.
0:52 of 2nd period - Slapshot by Francois Beauchemin.
0:52 of 2nd period - Shot Misses the Net.
0:54 of 2nd period - Slapshot by Francois Beauchemin.
0:54 of 2nd period - Shot Misses the Net.
1:12 of 2nd period - Wrist shot by Marian Gaborik.
1:12 of 2nd period - Stopped by Jaroslav Halak with a rebound.
1:18 of 2nd period - Jamie McBain is hit by Brendan Smith and loses puck.
3:30 of 2nd period - Slapshot by Francois Beauchemin.
3:30 of 2nd period - Deflect By Radim Vrbata.
3:30 of 2nd period - Shot Misses the Net.
3:30 of 2nd period - Puck is out of play.
3:31 of 2nd period - Stephen Gionta wins face-off versus Kyle Brodziak in Rangers zone.
3:41 of 2nd period - Icing by Kyle Palmieri.
3:42 of 2nd period - Kyle Brodziak wins face-off versus Stephen Gionta in Rangers zone.
4:25 of 2nd period - Snap shot by Radim Vrbata.
4:25 of 2nd period - Stopped by Jaroslav Halak without a rebound.
4:26 of 2nd period - Jay McClement wins face-off versus Mike Fisher in Rangers zone.
4:39 of 2nd period - Wrist shot by Jiri Hudler.
4:39 of 2nd period - Goal by Jiri Hudler - Rangers : 1 - Hurricanes : 1.
4:40 of 2nd period - Jeff Skinner wins face-off versus Brian Flynn in neutral zone.
4:56 of 2nd period - Minor Penalty to Kevin Bieksa for Holding Stick.
4:57 of 2nd period - Adam Henrique wins face-off versus Nathan Gerbe in Rangers zone.
4:57 of 2nd period - Snap shot by Marian Gaborik.
4:57 of 2nd period - Stopped by Jaroslav Halak without a rebound.
4:58 of 2nd period - Adam Henrique wins face-off versus Zach Parise in Rangers zone.
6:09 of 2nd period - Snap shot by Radim Vrbata.
6:09 of 2nd period - Stopped by Jaroslav Halak without a rebound.
6:10 of 2nd period - Zach Parise wins face-off versus Jiri Hudler in Rangers zone.
6:52 of 2nd period - Snap shot by Marian Gaborik.
6:52 of 2nd period - Stopped by Jaroslav Halak without a rebound.
6:53 of 2nd period - Adam Henrique wins face-off versus Daniel Sedin in Rangers zone.
6:56 of 2nd period - Penalty to Kevin Bieksa is over, Kevin Bieksa is back on ice.
7:27 of 2nd period - Slapshot by Ray Whitney.
7:27 of 2nd period - Shot Blocked by Kevin Bieksa.
7:49 of 2nd period - Slapshot by Ray Whitney.
7:49 of 2nd period - Stopped by Jaroslav Halak with a rebound.
7:51 of 2nd period - Snap shot by Ray Whitney.
7:51 of 2nd period - Shot Misses the Net.
8:09 of 2nd period - Wrist shot by Marian Gaborik.
8:09 of 2nd period - Stopped by Jaroslav Halak without a rebound.
8:10 of 2nd period - Stephen Gionta wins face-off versus Kyle Brodziak in Rangers zone.
8:13 of 2nd period - Wrist shot by Stephen Gionta.
8:13 of 2nd period - Shot Hit the Post.
8:15 of 2nd period - Slapshot by Francois Beauchemin.
8:15 of 2nd period - Shot Misses the Net.
8:17 of 2nd period - Slapshot by Francois Beauchemin.
8:17 of 2nd period - Shot Blocked by Justin Falk.
8:19 of 2nd period - Snap shot by Francois Beauchemin.
8:19 of 2nd period - Stopped by Jaroslav Halak with a rebound.
8:21 of 2nd period - Snap shot by Francois Beauchemin.
8:21 of 2nd period - Shot Blocked by Philip Larsen.
8:23 of 2nd period - Slapshot by Thomas Hickey.
8:23 of 2nd period - Shot Misses the Net.
8:25 of 2nd period - Wrist shot by Thomas Hickey.
8:25 of 2nd period - Stopped by Jaroslav Halak with a rebound.
8:27 of 2nd period - Wrist shot by Stephen Gionta.
8:27 of 2nd period - Shot Misses the Net.
8:29 of 2nd period - Backhand shot by Thomas Hickey.
8:29 of 2nd period - Stopped by Jaroslav Halak with a rebound.
8:31 of 2nd period - Wrist shot by Stephen Gionta.
8:31 of 2nd period - Shot Misses the Net.
8:37 of 2nd period - Minor Penalty to Philip Larsen for Tripping.
8:38 of 2nd period - Mike Fisher wins face-off versus Zach Parise in Rangers zone.
9:08 of 2nd period - Snap shot by Jiri Hudler.
9:08 of 2nd period - Stopped by Jaroslav Halak with a rebound.
9:10 of 2nd period - Wrist shot by Mike Fisher.
9:10 of 2nd period - Goal by Mike Fisher - Rangers : 1 - Hurricanes : 2.
9:11 of 2nd period - Jeff Skinner wins face-off versus Marian Gaborik in neutral zone.
9:18 of 2nd period - Jeff Skinner is hit by Marty Havlat and loses puck.
10:03 of 2nd period - Tanner Glass is hit by Thomas Hickey and loses puck.
10:18 of 2nd period - Wrist shot by Mike Fisher.
10:18 of 2nd period - Stopped by Jaroslav Halak with a rebound.
10:20 of 2nd period - Wrist shot by Brendan Smith.
10:20 of 2nd period - Deflect By Mike Fisher.
10:20 of 2nd period - Stopped by Jaroslav Halak without a rebound.
10:21 of 2nd period - Logan Couture wins face-off versus Brian Flynn in Rangers zone.
10:31 of 2nd period - Minor Penalty to Brendan Smith for Holding.
10:32 of 2nd period - Stephen Gionta wins face-off versus Jay McClement in Hurricanes zone.
10:43 of 2nd period - Brian Flynn is hit by Nikita Nikitin and loses puck.
11:36 of 2nd period - Robyn Regehr is hit by Todd Bertuzzi and loses puck.
11:53 of 2nd period - Nikita Nikitin is hit by Francois Beauchemin and loses puck.
12:31 of 2nd period - Penalty to Brendan Smith is over, Brendan Smith is back on ice.
12:50 of 2nd period - Snap shot by Jeff Halpern.
12:50 of 2nd period - Stopped by Martin Jones with a rebound.
12:52 of 2nd period - Wrist shot by Jeff Halpern.
12:52 of 2nd period - Shot Blocked by Thomas Hickey.
12:54 of 2nd period - Snap shot by Jay McClement.
12:54 of 2nd period - Shot Misses the Net.
13:00 of 2nd period - Slapshot by Kevin Bieksa.
13:00 of 2nd period - Stopped by Martin Jones without a rebound.
13:01 of 2nd period - Kyle Brodziak wins face-off versus Adam Henrique in Hurricanes zone.
13:50 of 2nd period - Aaron Ness is hit by Jay McClement and loses puck.
15:00 of 2nd period - Slapshot by Ray Whitney.
15:00 of 2nd period - Stopped by Jaroslav Halak without a rebound.
15:01 of 2nd period - Brian Flynn wins face-off versus Jeff Skinner in Rangers zone.
15:17 of 2nd period - Minor Penalty to Francois Beauchemin for Roughing.
15:18 of 2nd period - Stephen Gionta wins face-off versus Jeff Skinner in Hurricanes zone.
16:11 of 2nd period - Fedor Tyutin is hit by Nikita Nikitin and loses puck.
16:39 of 2nd period - Slapshot by Nikita Nikitin.
16:39 of 2nd period - Stopped by Martin Jones with a rebound.
17:01 of 2nd period - Slapshot by Kevin Shattenkirk.
17:01 of 2nd period - Deflect By Jay McClement.
17:01 of 2nd period - Stopped by Martin Jones without a rebound.
17:02 of 2nd period - Stephen Gionta wins face-off versus Kyle Brodziak in Hurricanes zone.
17:17 of 2nd period - Penalty to Francois Beauchemin is over, Francois Beauchemin is back on ice.
17:30 of 2nd period - Wrist shot by Daniel Sedin.
17:30 of 2nd period - Stopped by Martin Jones with a rebound.
17:44 of 2nd period - Slapshot by Jeff Halpern.
17:44 of 2nd period - Shot Misses the Net.
17:46 of 2nd period - Wrist shot by Tanner Glass.
17:46 of 2nd period - Stopped by Martin Jones with a rebound.
17:48 of 2nd period - Slapshot by Philip Larsen.
17:48 of 2nd period - Deflect By Jay McClement.
17:48 of 2nd period - Stopped by Martin Jones without a rebound.
17:49 of 2nd period - Adam Henrique wins face-off versus Jay McClement in Hurricanes zone.
17:49 of 2nd period - Adam Henrique is hit by Jay McClement.
18:12 of 2nd period - Minor Penalty to Tanner Glass for Hooking.
18:13 of 2nd period - Mike Fisher wins face-off versus Zach Parise in Rangers zone.
18:19 of 2nd period - Snap shot by Radim Vrbata.
18:19 of 2nd period - Deflect By Jiri Hudler.
18:19 of 2nd period - Shot Hit the Post.
18:19 of 2nd period - Puck is out of play.
18:20 of 2nd period - Mike Fisher wins face-off versus Zach Parise in Rangers zone.
18:46 of 2nd period - Wrist shot by Jiri Hudler.
18:46 of 2nd period - Stopped by Jaroslav Halak without a rebound.
18:47 of 2nd period - Nathan Gerbe wins face-off versus Marian Gaborik in Rangers zone.
19:00 of 2nd period - Snap shot by Marty Havlat.
19:00 of 2nd period - Goal by Marty Havlat - Rangers : 1 - Hurricanes : 3.
19:01 of 2nd period - Jeff Skinner wins face-off versus Adam Henrique in neutral zone.
19:29 of 2nd period - Backhand shot by Daniel Sedin.
19:29 of 2nd period - Stopped by Martin Jones with a rebound.
19:36 of 2nd period - Snap shot by Kevin Bieksa.
19:36 of 2nd period - Stopped by Martin Jones without a rebound.
19:37 of 2nd period - Jay McClement wins face-off versus Jiri Hudler in Hurricanes zone.
19:48 of 2nd period - Wrist shot by Jiri Hudler.
19:48 of 2nd period - Stopped by Jaroslav Halak with a rebound.
Goals for this period are 0 for Rangers vs 3 for Hurricanes.
Shots for this period are 9 for Rangers vs 19 for Hurricanes.

3rd period


0:01 of 3rd period - Logan Couture wins face-off versus Adam Henrique in neutral zone.
0:15 of 3rd period - Minor Penalty to Adam Henrique for Interference.
0:16 of 3rd period - Jay McClement wins face-off versus Brian Flynn in Hurricanes zone.
0:26 of 3rd period - Slapshot by Kevin Shattenkirk.
0:26 of 3rd period - Deflect By Robyn Regehr.
0:26 of 3rd period - Stopped by Martin Jones without a rebound.
0:27 of 3rd period - Jay McClement wins face-off versus Brian Flynn in Hurricanes zone.
1:16 of 3rd period - Snap shot by Jeff Skinner.
1:16 of 3rd period - Stopped by Martin Jones with a rebound.
1:18 of 3rd period - Slapshot by Kevin Shattenkirk.
1:18 of 3rd period - Shot Misses the Net.
1:20 of 3rd period - Slapshot by Jamie McBain.
1:20 of 3rd period - Shot Misses the Net.
1:36 of 3rd period - Snap shot by Daniel Sedin.
1:36 of 3rd period - Stopped by Martin Jones with a rebound.
1:38 of 3rd period - Slapshot by Nikita Nikitin.
1:38 of 3rd period - Stopped by Martin Jones with a rebound.
1:40 of 3rd period - Wrist shot by Daniel Sedin.
1:40 of 3rd period - Shot Misses the Net.
1:42 of 3rd period - Snap shot by Daniel Sedin.
1:42 of 3rd period - Shot Misses the Net.
2:15 of 3rd period - Penalty to Adam Henrique is over, Adam Henrique is back on ice.
4:27 of 3rd period - Kyle Palmieri is hit by Fedor Tyutin.
6:14 of 3rd period - Wrist shot by Jiri Hudler.
6:14 of 3rd period - Shot Misses the Net.
6:16 of 3rd period - Wrist shot by Thomas Hickey.
6:16 of 3rd period - Stopped by Jaroslav Halak with a rebound.
6:44 of 3rd period - Wrist shot by Jeff Skinner.
6:44 of 3rd period - Shot Misses the Net.
7:08 of 3rd period - Slapshot by Philip Larsen.
7:08 of 3rd period - Shot Blocked by Fedor Tyutin.
7:10 of 3rd period - Slapshot by Jay McClement.
7:10 of 3rd period - Stopped by Martin Jones without a rebound.
7:11 of 3rd period - Jay McClement wins face-off versus Stephen Gionta in Hurricanes zone.
7:28 of 3rd period - Off-side.
7:29 of 3rd period - Marian Gaborik wins face-off versus Jeff Skinner in neutral zone.
7:32 of 3rd period - Snap shot by Stephen Gionta.
7:32 of 3rd period - Shot Misses the Net.
8:02 of 3rd period - Jamie McBain is hit by Francois Beauchemin and loses puck.
8:15 of 3rd period - Slapshot by Mike Fisher.
8:15 of 3rd period - Stopped by Jaroslav Halak with a rebound.
8:17 of 3rd period - Wrist shot by Radim Vrbata.
8:17 of 3rd period - Goal by Radim Vrbata - Rangers : 1 - Hurricanes : 4.
8:18 of 3rd period - Kyle Brodziak wins face-off versus Mike Fisher in neutral zone.
8:33 of 3rd period - Snap shot by Zach Parise.
8:33 of 3rd period - Stopped by Martin Jones without a rebound.
8:34 of 3rd period - Mike Fisher wins face-off versus Kyle Brodziak in Hurricanes zone.
9:08 of 3rd period - Slapshot by Jeff Skinner.
9:08 of 3rd period - Shot Misses the Net.
9:10 of 3rd period - Snap shot by Justin Falk.
9:10 of 3rd period - Deflect By Fedor Tyutin.
9:10 of 3rd period - Stopped by Martin Jones with a rebound.
9:44 of 3rd period - Slapshot by Kevin Shattenkirk.
9:44 of 3rd period - Stopped by Martin Jones with a rebound.
9:46 of 3rd period - Slapshot by Kevin Shattenkirk.
9:46 of 3rd period - Stopped by Martin Jones with a rebound.
9:48 of 3rd period - Snap shot by Jeff Halpern.
9:48 of 3rd period - Stopped by Martin Jones with a rebound.
9:50 of 3rd period - Wrist shot by Jeff Halpern.
9:50 of 3rd period - Shot Blocked by Robyn Regehr.
9:52 of 3rd period - Slapshot by Jeff Halpern.
9:52 of 3rd period - Stopped by Martin Jones without a rebound.
9:53 of 3rd period - Logan Couture wins face-off versus Brian Flynn in Hurricanes zone.
10:47 of 3rd period - Icing by Robyn Regehr.
10:48 of 3rd period - Jay McClement wins face-off versus Brian Flynn in Hurricanes zone.
10:49 of 3rd period - Slapshot by Kevin Shattenkirk.
10:49 of 3rd period - Shot Hit the Post.
12:24 of 3rd period - Justin Falk is hit by Radim Vrbata and loses puck.
13:16 of 3rd period - Tanner Glass is hit by Viktor Stalberg and loses puck.
13:33 of 3rd period - Snap shot by Marty Havlat.
13:33 of 3rd period - Shot Misses the Net.
13:35 of 3rd period - Slapshot by Adam Henrique.
13:35 of 3rd period - Shot Misses the Net.
13:37 of 3rd period - Slapshot by Fedor Tyutin.
13:37 of 3rd period - Stopped by Jaroslav Halak with a rebound.
13:39 of 3rd period - Slapshot by Brendan Smith.
13:39 of 3rd period - Shot Blocked by Tanner Glass.
14:22 of 3rd period - Jeff Halpern is hit by Viktor Stalberg.
14:30 of 3rd period - Snap shot by Stephen Gionta.
14:30 of 3rd period - Shot Misses the Net.
14:32 of 3rd period - Slapshot by Aaron Ness.
14:32 of 3rd period - Deflect By Marian Gaborik.
14:32 of 3rd period - Shot Misses the Net.
14:32 of 3rd period - Puck is out of play.
14:33 of 3rd period - Stephen Gionta wins face-off versus Kyle Brodziak in Rangers zone.
14:56 of 3rd period - Snap shot by Mason Raymond.
14:56 of 3rd period - Stopped by Jaroslav Halak without a rebound.
14:57 of 3rd period - Logan Couture wins face-off versus Brian Flynn in Rangers zone.
15:26 of 3rd period - Daniel Sedin is hit by Robyn Regehr and loses puck.
16:05 of 3rd period - Icing by Daniel Sedin.
16:06 of 3rd period - Stephen Gionta wins face-off versus Jeff Skinner in Rangers zone.
16:15 of 3rd period - Slapshot by Viktor Stalberg.
16:15 of 3rd period - Stopped by Jaroslav Halak without a rebound.
16:16 of 3rd period - Nathan Gerbe wins face-off versus Stephen Gionta in Rangers zone.
16:16 of 3rd period - Nathan Gerbe is hit by Adam Henrique.
16:21 of 3rd period - Minor Penalty to Thomas Hickey for Hooking.
16:22 of 3rd period - Brian Flynn wins face-off versus Jay McClement in Hurricanes zone.
16:26 of 3rd period - Minor Penalty to Nathan Gerbe for High sticking.
16:27 of 3rd period - Zach Parise wins face-off versus Mike Fisher in Rangers zone.
17:19 of 3rd period - Zach Parise is hit by Adam Henrique and loses puck.
17:30 of 3rd period - Snap shot by Marian Gaborik.
17:30 of 3rd period - Shot Blocked by Kevin Bieksa.
17:36 of 3rd period - Snap shot by Marian Gaborik.
17:36 of 3rd period - Shot Misses the Net.
18:21 of 3rd period - Penalty to Thomas Hickey is over, Thomas Hickey is back on ice.
18:24 of 3rd period - Jamie McBain is hit by Fedor Tyutin and loses puck.
18:26 of 3rd period - Penalty to Nathan Gerbe is over, Nathan Gerbe is back on ice.
18:53 of 3rd period - Wrist shot by Mason Raymond.
18:53 of 3rd period - Stopped by Jaroslav Halak with a rebound.
18:55 of 3rd period - Wrist shot by Robyn Regehr.
18:55 of 3rd period - Shot Blocked by Jamie McBain.
18:57 of 3rd period - Wrist shot by Aaron Ness.
18:57 of 3rd period - Stopped by Jaroslav Halak without a rebound.
18:58 of 3rd period - Stephen Gionta wins face-off versus Jay McClement in Rangers zone.
19:16 of 3rd period - Penalty Shot by Justin Falk for Rangers.
19:16 of 3rd period - Deke by Justin Falk.
19:16 of 3rd period - Shot Misses the Net.
19:17 of 3rd period - Jeff Skinner wins face-off versus Brian Flynn in Rangers zone.
Goals for this period are 0 for Rangers vs 1 for Hurricanes.
Shots for this period are 11 for Rangers vs 8 for Hurricanes.


Output by the SimonT Hockey Simulator (STHS) for Eric Dolegowski -- Original Page W3C XHTML 1.0 Valid
Hockey Simulator - Hockey Simulation - Hockey Manager